 Dungeon Crawl Stone Soup version 0.26-a0-712-ga5a9c9c9d0 (webtiles) character file.

Game seed: 12775205584032283788

414 Zdeegee the Sneak (level 6, 0/32 HPs)
             Began as a Vine Stalker Brigand on Nov 1, 2020.
             Slain by a two-headed ogre
             ... wielding a +0 dire flail
              (19 damage)
             ... on level 3 of the Dungeon.
             The game lasted 00:06:23 (2841 turns).

Zdeegee the Sneak (Vine Stalker Brigand)            Turns: 2841, Time: 00:06:23

Health: 0/32       AC:  8    Str: 14    XL:     6   Next: 91%
Magic:  0/7        EV: 13    Int: 11    God:
Gold:   159        SH:  4    Dex: 17    Spells: 5/5 levels left

rFire    . . .     SeeInvis .   a - +2 dagger
rCold    . . .     Faith    .   c - +0 buckler
rNeg     . . .     Spirit   +   b - +1 robe
rPois    .         Reflect  .   r - +0 helmet
rElec    .         Harm     .   o - +2 cloak
rCorr    .         Rampage  .   (no gloves)
MR       .....                  l - +0 pair of boots
Stlth    ++++......             (no amulet)
HPRegen  0.50/turn              (no ring)
MPRegen  0.10/turn              (no ring)

@: no status effects
A: fangs 2, regeneration 1, magic shield, antimagic bite, no potion heal 3, rot
immunity
a: no special abilities


You were on level 3 of the Dungeon.
You visited 1 branch of the dungeon, and saw 4 of its levels.

You collected 159 gold pieces.

Inventory:

Hand Weapons
 a - a +2 dagger (weapon)
 n - a +2 quarterstaff of chaos
Missiles
 d - 5 poisoned darts (quivered)
Armour
 b - a +1 robe (worn)
 c - a +0 buckler (worn)
 l - a +0 pair of boots (worn)
 o - a +2 cloak (worn)
 r - a +0 helmet (worn)
Jewellery
 p - an uncursed ring of fire
Scrolls
 g - 3 scrolls of identify {unknown}
 i - a scroll of immolation {unknown}
 j - a scroll of enchant weapon {unknown}
 k - a scroll of amnesia
 m - a scroll of enchant armour
 q - a scroll of remove curse {unknown}
Potions
 f - a potion of magic {unknown}
 h - a potion of mutation {unknown}


   Skills:
 * Level 2.7 Fighting
 * Level 3.6 Short Blades
 + Level 1.7 Throwing
 * Level 3.1 Dodging
 * Level 6.8 Stealth


You had 5 spell levels left.
You didn't know any spells.
Your spell library was empty.

Dungeon Overview and Level Annotations

Branches:
Dungeon (4/15)
 Temple: D:4-7

Altars:
Ashenzari
Cheibriados
Ru

Annotations:
D:3 Grinder
D:4 Edmund


Innate Abilities, Weirdness & Mutations

You have extremely sharp teeth.
Your natural rate of healing is unusually fast.
When hurt, damage is shared between your health and your magic reserves.
Your bite disrupts and absorbs the magic of your enemies.
Potions cannot restore your health.
You are immune to rotting.


Message History

The two-headed ogre completely misses you.
You climb upwards.
Level annotation: Grinder Grinder gestures at you.
You suddenly lose the ability to move!
Grinder blinks!
You can move again.
There is a stone staircase leading down here.
Okay, then.
Okay, then.
The two-headed ogre barely misses you.
The two-headed ogre hits you with a +0 dire flail!
The two-headed ogre barely misses you. The two-headed ogre closely misses you.
There is an open door here.
You closely miss Grinder. Grinder hits you.
You writhe in agony.
You hit Grinder.
Grinder is lightly wounded.
Grinder blinks!
The two-headed ogre hits you with a +0 dire flail!!
Ouch! That really hurt!
You die...

######........###..###########.#
#........#.........# #.#
#........#.........# #.#
########..###......# #.#
#.......##########.#
##...............#.#
##..#.#########.#.# #..#.#
#.#.## ##@#.## #.#.##
#.O...###### #.#.## #.......5..#
#.#†## #..........# #)#.##
#..........# #.#.## #...>......#
#.#... #.........## #.#..#
#.........# #.#..# #.........#
#.#†.#


You could see a two-headed ogre (poisoned) and Grinder.

Vanquished Creatures
  A sky beast (D:3)
  An orc priest (D:3)
  Crazy Yiuf (D:2)
  Natasha (thrice) (D:2)
  A worker ant (D:4)
  Robin (D:4)
  4 adders
  An ufetubus (D:2)
  An ooze (D:1)
  6 dart slugs
  A leopard gecko (D:1)
  6 orcs
  6 giant cockroaches
  10 goblins
  11 hobgoblins
  10 jackals
  2 quokkas
  A ball python (D:1)
  12 bats
  4 frilled lizards
  7 kobolds
  8 rats
98 creatures vanquished.

Notes
Turn   | Place    | Note
-------+----------+-------------------------------------------
     0 | D:1      | Zdeegee the Vine Stalker Brigand began the quest for the
                  | Orb.
     0 | D:1      | Reached XP level 1. HP: 11/11 MP: 2/2
    22 | D:1      | Reached skill level 5 in Stealth
    35 | D:1      | Reached XP level 2. HP: 5/15 MP: 0/3
   614 | D:1      | Reached skill level 1 in Dodging
   614 | D:1      | Reached XP level 3. HP: 18/18 MP: 4/4
   670 | D:1      | Reached skill level 6 in Stealth
  1257 | D:2      | Found a broken altar of Ashenzari.
  1272 | D:2      | Gained mutation: Your natural rate of healing is unusually
                  | fast. [Vine Stalker growth]
  1272 | D:2      | Reached XP level 4. HP: 19/23 MP: 2/5
  1477 | D:2      | Found a runed translucent door.
  1478 | D:2      | Noticed Crazy Yiuf
  1563 | D:2      | Noticed Natasha
  1565 | D:2      | Killed Natasha
  1610 | D:2      | Killed Crazy Yiuf
  1610 | D:2      | Reached XP level 5. HP: 9/26 MP: 4/6
  1763 | D:2      | Noticed Natasha
  1776 | D:2      | Killed Natasha
  1821 | D:2      | Noticed Natasha
  1833 | D:2      | Killed Natasha
  1933 | D:3      | Reached XP level 6. HP: 26/32 MP: 4/7
  2142 | D:3      | Noticed a sky beast
  2207 | D:3      | Killed a sky beast
  2270 | D:3      | Found a sacrificial altar of Ru.
  2312 | D:3      | Noticed Grinder
  2376 | D:3      | Found a snail-covered altar of Cheibriados.
  2707 | D:4      | Noticed Robin
  2713 | D:4      | Killed Robin
  2816 | D:4      | Noticed a two-headed ogre
  2817 | D:4      | Noticed Edmund
  2831 | D:3      | Paralysed by Grinder for 2 turns
  2841 | D:3      | Slain by a two-headed ogre

Illustrated notes

Levels and vault maps discovered:
D:1:      ebering_trefoil_3fold, layout_basic, minmay_pentomino_w4
D:2:      layout_basic, evilmike_ruin_ashenzari, uniq_natasha,
          uniq_crazy_yiuf_cottage
D:3:      layout_basic, lemuel_crystal_altar, marbit_many_paths,
          kennysheep_slug_shrine, uniq_grinder
D:4:      layout_basic, kennysheep_mini_moat, minmay_temple_entry_from_below_a,
          uniq_robin, uniq_edmund, uniq_duvessa, uniq_sigmund, uniq_purgy

Skill      XL: |  1  2  3  4  5  6 |
---------------+-------------------+-----
Stealth        | 5 6 |  6.8
Dodging        | 1 2 3 |  3.1
Short Blades   | 2 3 |  3.6
Fighting       | 2 |  2.7
Throwing       | |  1.7

Action                   |  1- 3 |  4- 6 || total
-------------------------+-------+-------++-------
Melee: Dagger            |   119 |   248 ||   367
       Bite              |    22 |    84 ||   106
Throw: Dart              |     2 |     5 ||     7
  Use: Scroll            |     1 |     1 ||     2
       Potion            |       |     2 ||     2
 Stab: Sleeping          |     7 |     6 ||    13
       Distracted        |       |     1 ||     1
Armor: Robe              |    44 |    85 ||   129
Dodge: Dodged            |    91 |   171 ||   262

Table legend: (Time is in decaauts)
 A = Elapsed time spent in this place.
 B = Non-inter-level travel time spent in this place.
 C = Inter-level travel time spent in this place.
 D = Time resting spent in this place.
 E = Time spent auto-exploring this place.
 F = Levels seen in this place.
 G = Mean time per level.
                   A        B        C        D        E       F      G
               +--------+--------+--------+--------+--------+-----+--------+
         Total |   2797 |   2740 |     57 |    204 |   1567 |   4 |  699.2 |
       Dungeon |   2797 |   2740 |     57 |    204 |   1567 |   4 |  699.2 |
               +--------+--------+--------+--------+--------+-----+--------+

Top non-repeatable levels by time:
     D:1: 994 daAuts
     D:2: 847 daAuts
     D:3: 840 daAuts
     D:4: 113 daAuts
